 Dungeon Crawl Stone Soup version 0.25.1-2-g60ff931df9 (webtiles) character file.

Game seed: 5502232278106845884

37 raphialitos the Grave Robber (level 3, 0/28 HPs)
             Began as a Deep Dwarf Necromancer on Oct 27, 2020.
             Slain by an adder (3 damage)
             ... on level 2 of the Dungeon.
             The game lasted 00:04:25 (1219 turns).

raphialitos the Grave Robber (DDNe)                 Turns: 1219, Time: 00:04:26

Health: 0/28       AC:  2    Str: 11    XL:     3   Next: 23%
Magic:  0/5        EV: 12    Int: 16    God:
Gold:   80         SH:  0    Dex: 13    Spells: 3/5 levels left

rFire    . . .     SeeInvis .   f - +0 dagger
rCold    . . .     Gourm    .   (no shield)
rNeg     . . .     Faith    .   a - +0 robe
rPois    .         Spirit   .   (no helmet)
rElec    .         Reflect  .   (no cloak)
rCorr    .         Harm     .   (no gloves)
MR       .....                  (no boots)
Stlth    ++........             (no amulet)
HPRegen  0.00/turn              (no ring)
MPRegen  0.09/turn              (no ring)

@: lethally poisoned (0 -> 0), non-regenerating
A: damage resistance, heal wounds, sense surroundings 1, no regeneration
a: Heal Wounds


You were on level 2 of the Dungeon.
You were not hungry.

You visited 1 branch of the dungeon, and saw 2 of its levels.

You collected 80 gold pieces.

Inventory:

Hand Weapons
 f - a +0 dagger (weapon)
Missiles
 i - 9 bolts
 j - 27 sling bullets
 k - 20 arrows
Armour
 a - a +0 robe (worn)
Scrolls
 h - a scroll of teleportation
Potions
 e - a potion of magic
Comestibles
 b - 2 chunks of flesh
 c - 3 rations


   Skills:
 + Level 0.1 Fighting
 + Level 0.1 Short Blades
 + Level 2.2 Dodging
 + Level 3.2 Stealth
 + Level 1.9 Spellcasting
 + Level 5.1 Necromancy


You had 3 spell levels left.
You knew the following spells:

 Your Spells              Type           Power        Failure   Level  Hunger
a - Pain                  Necr           ###.         2%          1    #......
b - Animate Skeleton      Necr           N/A          2%          1    #......

Your spell library contained the following spells:

 Spells                   Type           Power        Failure   Level  Hunger
 Vampiric Draining        Necr           ###.......   8%          3    ###....
 Animate Dead             Necr           N/A          26%         4    #####..
 Agony                    Necr           ###.....     56%         5    ######.


Dungeon Overview and Level Annotations

Branches:
Dungeon (2/15)

Altars:
Ashenzari
Zin


Innate Abilities, Weirdness & Mutations

You are resistant to damage.
You can heal yourself by infusing magical energy.
You passively map a small area around you.
You do not regenerate.


Message History

a +0 mace; a grey potion; a rat corpse The adder barely misses you.
Casting: Pain (safe; 2% risk of failure)
Confirm with . or Enter, or press ? or * to list all spells.
Aiming: Pain (safe; 2% risk of failure)
Press: ? - help, Shift-Dir - straight line, f - adder
Aim: an adder (almost dead, chance to defeat MR: 84%)
The adder barely resists.
The adder barely misses you.
Your rat skeleton bites the adder but does no damage.
Casting: Pain (safe; 2% risk of failure)
Confirm with . or Enter, or press ? or * to list all spells.
You don't have enough magic to cast that spell.
Firing (i - inventory) No suitable missiles.
Press: ? - help, Shift-Dir - straight line, f/p - adder
Aim: an adder (almost dead)
Okay, then.
You barely miss the adder.
The adder is almost dead.
The adder bites you.
You die...

, , * * ##. ..
, .# * ##.## #
##...## ,
#.##.....##* *
#.#..@....###
#....S_.....#.#
#$#..Z....#...#
.. ##.....##
#.# , * .,*
##...## #.# *
,*##.### #.#
#.#.# #.# * , ,
#..Z####.# * *
###.Z....#
#####


You could see an adder and a friendly rat skeleton.

Vanquished Creatures
  An adder (D:2)
  5 bats
  A giant cockroach (D:2)
  3 goblins
  3 hobgoblins
  2 jackals (D:2)
  2 kobolds (D:1)
  A frilled lizard (D:1)
  3 rats (D:2)
21 creatures vanquished.

Vanquished Creatures (collateral kills)
  A dart slug (D:1)
  A frilled lizard (D:1)
  A rat (D:2)
3 creatures vanquished.

Grand Total: 24 creatures vanquished

Notes
Turn   | Place    | Note
-------+----------+-------------------------------------------
     0 | D:1      | raphialitos the Deep Dwarf Necromancer began the quest for
                  | the Orb.
     0 | D:1      | Reached XP level 1. HP: 15/15 MP: 3/3
     2 | D:1      | Learned a level 1 spell: Animate Skeleton
   322 | D:1      | Reached XP level 2. HP: 19/22 MP: 1/4
   430 | D:1      | Reached skill level 5 in Necromancy
   952 | D:2      | Reached XP level 3. HP: 12/28 MP: 0/5
  1181 | D:2      | Found a shattered altar of Ashenzari.
  1199 | D:2      | Found a glowing silver altar of Zin.
  1219 | D:2      | Slain by an adder

Illustrated notes

Levels and vault maps discovered:
D:1:      minmay_arrival_plants_in_alcoves, layout_basic
D:2:      layout_loops_ring, lemuel_round_altar,
          nicolae_dithmenos_through_a_glass_darkly, ashenzari_altar_1,
          first_ration, uniq_jessica

Skill      XL: |  1  2 |
---------------+-------+-----
Necromancy     | 5 |  5.1
Stealth        | 3 |  3.2
Fighting       | |  0.1
Short Blades   | |  0.1
Dodging        | |  2.2
Spellcasting   | |  1.9

Action                   || total
-------------------------++-------
Melee: Dagger            ||    46
       Unarmed           ||     1
 Cast: Pain              ||    33
       Animate Skeleton  ||    11
  Use: Scroll            ||     4
 Stab: Sleeping          ||     3
  Eat: Chunk             ||     2
Armor: Robe              ||     7
Dodge: Dodged            ||    32
